 Dungeon Crawl Stone Soup version 0.27.1-35-g4d5d836560 (console) character file.

Game seed: 6070369144389759695

87359 grimtooth the Polluter (level 16, -3/127 HPs)
             Began as a Formicid Venom Mage on Nov 29, 2022.
             Was a High Priest of Uskayaw.
             Slain by a wolf spider (7 damage)
             ... on level 3 of the Spider Nest.
             The game lasted 03:41:02 (26284 turns).

grimtooth the Polluter (Formicid Venom Mage)       Turns: 26284, Time: 03:41:02

Health: -3/127     AC: 10    Str: 22    XL:     16   Next: 37%
Magic:  24/34      EV: 11    Int: 16    God:    Uskayaw [*****.]
Gold:   3360       SH: 12    Dex: 11    Spells: 14/27 levels left

rFire    . . .     SeeInvis +   a - staff of poison
rCold    . . .     Faith    .   g - +1 kite shield {AC+3}
rNeg     . . .     Spirit   .   e - +4 ring mail
rPois    +         Reflect  .   (helmet unavailable)
rElec    .         Harm     .   U - +0 cloak
rCorr    .         Rampage  .   d - +1 pair of gloves {Str+3}
Will     +....                  y - +0 pair of boots
Stlth    ++........             A - amulet of regeneration
HPRegen  1.31/turn              G - ring of magical power
MPRegen  0.24/turn              (no ring)

@: radiating poison, corroded
A: permanent stasis, dig shafts and tunnels, antennae 3, four strong arms
a: Dig, Shaft Self, Renounce Religion, Stomp, Line Pass, Grand Finale


You were on level 3 of the Spider Nest.
You worshipped Uskayaw.
Uskayaw was pleased with you.
You visited 4 branches of the dungeon, and saw 23 of its levels.
You also visited: Ossuary, Bailey and Volcano.

You collected 3943 gold pieces.
You spent 583 gold pieces at shops.

Inventory:

Hand Weapons
 b - a +4 quick blade
Missiles
 i - 83 poisoned darts (quivered)
 M - 4 throwing nets {=f}
Armour
 d - a +1 pair of gloves of strength (worn)
 e - a +4 ring mail (worn)
 g - a +1 kite shield of protection (worn)
 y - a +0 pair of boots (worn)
 U - a +0 cloak (worn)
Magical Staves
 a - a staff of poison (weapon)
Jewellery
 c - a ring of ice
 k - a ring of fire
 A - an amulet of regeneration (around neck)
 G - a ring of magical power (left hand)
Wands
 w - a wand of acid (39)
 C - a wand of polymorph (6)
 J - a wand of digging (11)
 K - a wand of charming (6)
 Q - a wand of paralysis (13)
 T - a wand of flame (13)
 V - a wand of iceblast (12)
Scrolls
 h - 4 scrolls of enchant weapon {unknown}
 j - 5 scrolls of vulnerability
 l - a scroll of fear {unknown}
 m - 3 scrolls of fog
 s - 7 scrolls of immolation {unknown}
 v - 2 scrolls of noise {unknown}
 B - 7 scrolls of teleportation {unknown}
 E - 3 scrolls of amnesia {unknown}
 L - 2 scrolls of holy word {unknown}
 O - a scroll of enchant armour {unknown}
 R - 2 scrolls of brand weapon {unknown}
 W - 10 scrolls of magic mapping
Potions
 f - 6 potions of brilliance
 n - 2 potions of invisibility
 o - 6 potions of curing
 p - 5 potions of ambrosia
 q - a potion of resistance
 r - 10 potions of flight
 t - 3 potions of heal wounds
 x - a potion of magic
 z - 2 potions of lignification
 D - 3 potions of cancellation
 H - 3 potions of might {unknown}
Miscellaneous
 N - a phial of floods
 P - a phantom mirror


   Skills:
 - Level 12.0 Fighting
 - Level 6.0 Short Blades
 - Level 9.0 Staves
 + Level 6.0 Armour
 + Level 1.8 Dodging
 - Level 6.0 Stealth
 - Level 9.0 Shields
 - Level 6.0 Spellcasting
 - Level 6.0 Conjurations
 - Level 6.0 Transmutations
 - Level 6.0 Air Magic
 - Level 15.0 Poison Magic
 - Level 12.0 Invocations
 - Level 9.0 Evocations


You had 14 spell levels left.
You knew the following spells:

 Your Spells              Type           Power      Damage    Failure   Level
a - Sting                 Tmut/Pois      100%       1d8       1%          1
b - Poisonous Vapours     Pois/Air       100%       N/A       1%          2
c - Mephitic Cloud        Conj/Pois/Air  50%        N/A       1%          3
d - Ignite Poison         Fire/Tmut/Pois 40%        N/A       3%          3
t - Olgreb's Toxic Radia  Pois           68%        N/A       1%          4

Your spell library contained the following spells:

 Spells                   Type           Power      Damage    Failure   Level
 Shock                    Conj/Air       96%        1d9       1%          1
 Foxfire                  Conj/Fire      56%        2x1d6     6%          1
 Alistair's Intoxication  Tmut/Pois      36%        N/A       8%          5
 Passwall                 Tmut/Erth      11%        N/A       9%          2
 Airstrike                Air            12%        N/A       17%         4
 Conjure Flame            Conj/Fire      14%        6-21      19%         3
 Animate Skeleton         Necr           8%         N/A       21%         1
 Apportation              Tloc           8%         N/A       21%         1
 Corona                   Hex            4%         N/A       21%         1
 Freeze                   Ice            16%        1d4       21%         1
 Summon Small Mammal      Summ           16%        N/A       21%         1
 Ensorcelled Hibernation  Hex/Ice        8%         N/A       30%         2
 Eringya's Noxious Bog    Tmut/Pois      27%        N/A       38%         6
 Blade Hands              Tmut           12%        N/A       43%         5
 Irradiate                Conj/Tmut      12%        3d17      43%         5
 Frozen Ramparts          Ice            8%         1d2       52%         3
 Inner Flame              Hex/Fire       4%         N/A       52%         3
 Tukima's Dance           Hex            4%         N/A       52%         3
 Hailstorm                Conj/Ice       14%        3d5       52%         4
 Animate Armour           Summ/Erth      8%         N/A       90%         4
 Borgnjor's Vile Clutch   Necr/Erth      2%         N/A       99%         5
 Iron Shot                Conj/Erth      7%         9d2       100%        6
 Dragon Form              Tmut           12%        N/A       100%        7
 Necromutation            Tmut/Necr      7%         N/A       100%        8
 Swiftness                Air            Unusable   N/A       N/A         3

Dungeon Overview and Level Annotations

Branches:
Dungeon (12/15)            Temple (0/1) D:7            Lair (6/6) D:9
  Swamp (0/4) Lair:2       Spider (3/4) Lair:4        Slime (0/5) Lair:6
    Orc (2/2) D:12            Elf (0/3) Orc:2       Ossuary (visited)
 Bailey (visited)         Volcano (visited)

Altars:
Cheibriados
Elyvilon
Fedhas
Uskayaw
Vehumet
Wu Jian
Yredelemnul
Zin
Beogh
Jiyva

Shops:
D:4 =   D:5 :   D:7 [   Orc:1 ?   Orc:2 [[*:

Portals:
Trove: D:11 (give +4 ice dragon scales)

Annotations:
D:9 Erica
Lair:1 exclusion: oklob plant


Innate Abilities, Weirdness & Mutations

You cannot be hasted, slowed, berserked, paralysed or teleported.
You can dig through walls and to a lower floor.
You have a pair of large antennae on your head. (SInv)
Your four strong arms can wield two-handed weapons with a shield.


Message History

The redback is no longer paralysed.
The redback closely misses you. The wolf spider hits you!
The wolf spider bites you. The entropy weaver hits you.
You block the entropy weaver's attack. The entropy weaver barely misses you.
The entropy weaver hits you. The redback bites you!
You are poisoned.
The redback poisons you!
The jumping spider pounces on you but does no damage.
The jumping spider barely misses you.
You hear an angry hiss.
a - a staff of poison (weapon)
The entropy weaver looks as sick as possible!
The wolf spider looks even sicker.
You feel very sick.
You hear an angry hiss.
The wolf spider barely misses you. The wolf spider bites you.
You block the entropy weaver's attack. x2; The entropy weaver hits you.
* * * LOW HITPOINT WARNING * * *
The entropy weaver hits you!
* * * LOW HITPOINT WARNING * * *
The redback bites you!
* * * LOW HITPOINT WARNING * * *
You feel better.
The wolf spider looks as sick as possible!
You kill the redback!
The jumping spider closely misses you. You block the jumping spider's attack.
The wolf spider hits you!
* * * LOW HITPOINT WARNING * * *
The wolf spider barely misses you.
A jumping spider comes into view.
The entropy weaver hits you!
* * * LOW HITPOINT WARNING * * *
The entropy weaver hits you.
* * * LOW HITPOINT WARNING * * *
You block the entropy weaver's attack. The entropy weaver misses you.
The jumping spider pounces on you!
* * * LOW HITPOINT WARNING * * *
The jumping spider bites you but does no damage.
The wolf spider hits you!
You die...

#^...## #...
##..#.##########....##
..<......#..#........#
.##........)#....#..#
.####...............###
.# ######............#.
## ##............. #
#............
#....#......#
##^.^..s#. ##.##@.#
#..#Bs# #...ss.††.....
.{..#..#†#†.#.#
.......... .#
###...>..#. ..
{.{......... ..
.###...### .# . ^#.# ○#


You could see an entropy weaver (extremely poisoned), a demonic crawler, a wolf
spider (extremely poisoned) and 2 jumping spiders.

Vanquished Creatures
  2 emperor scorpions
  3 entropy weavers
  Fannar (D:11)
  4 boulder beetles
  4 hydras
  3 catoblepae (Lair:6)
  6 two-headed ogres
  5 death yaks (Lair:6)
  A sun demon (Volcano)
  3 orc high priests (Orc:2)
  A fire crab (Lair:6)
  6 orc knights
  A deep elf pyromancer (D:12)
  12 wolf spiders
  2 ugly things (Volcano)
  2 cyclopes
  4 orb spiders
  5 orc sorcerers
  4 oklob plants (Lair:2)
  2 manticores (Lair:6)
  A moth of wrath (Spider:2)
  2 black mambas
  2 molten gargoyles (Volcano)
  2 torpor snails (Spider:2)
  2 gargoyles (D:11)
  10 cane toads
  6 komodo dragons
  2 kobold demonologists
  A rime drake (Lair:4)
  6 demonic crawlers
  A red devil (Volcano)
  4 polar bears
  10 trolls
  Grinder (D:5)
  A tyrant leech (Lair:2)
  4 slime creatures (D:12)
  17 jumping spiders
  18 blink frogs
  12 dream sheep
  15 tarantellas
  2 shadows (D:11)
  A wraith (D:12)
  36 redbacks
  4 wyverns
  38 yaks
  7 fire bats (Volcano)
  4 basilisks
  A steam dragon (D:8)
  6 wargs
  A swamp worm (Lair:2)
  6 water moccasins
  33 orc warriors
  3 ice beasts
  3 black bears
  A sky beast (D:7)
  7 ogres
  5 centaurs
  3 wolves (Lair:6)
  14 kobold brigands (D:8)
  15 bullfrogs
  2 gnoll sergeants
  16 scorpions
  A water moccasin zombie (D:3)
  7 wights
  3 killer bees (D:9)
  6 howler monkeys
  3 electric eels
  2 centaur zombies
  4 lava snakes (Volcano)
  3 bullfrog zombies
  A human zombie (Ossuary)
  2 jellies
  12 orc priests
  A bullfrog skeleton (D:7)
  Jessica (D:2)
  An iguana (D:6)
  3 scorpion zombies (Ossuary)
  22 orc wizards
  2 killer bee zombies
  A hound skeleton (D:5)
  3 mummies (Ossuary)
  Robin (D:2)
  10 gnolls
  8 river rats (D:6)
  8 adders
  3 shadow imps
  A white imp (D:8)
  5 worms
  A dart slug (D:2)
  60 orcs
  3 endoplasms
  4 giant cockroaches
  2 gnoll zombies (Ossuary)
  6 hobgoblins
  4 jackals
  13 kobolds
  10 quokkas
  7 ball pythons
  4 bats
  2 frilled lizards
  16 goblins
  2 goblin zombies (Ossuary)
  2 hobgoblin zombies (Ossuary)
  2 kobold zombies (Ossuary)
  An orc zombie (Ossuary)
  19 rats
668 creatures vanquished.

Vanquished Creatures (others)
  A hell hound (Volcano)
  50 fungi
  61 plants
112 creatures vanquished.

Grand Total: 780 creatures vanquished

Notes
Turn   | Place    | Note
-------+----------+-------------------------------------------
     0 | D:1      | grimtooth the Formicid Venom Mage began the quest for the
                  | Orb.
     0 | D:1      | Reached XP level 1. HP: 13/13 MP: 3/3
   165 | D:1      | Reached XP level 2. HP: 19/19 MP: 0/5
   958 | D:1      | Reached skill level 5 in Poison Magic
   958 | D:1      | Reached XP level 3. HP: 24/24 MP: 4/6
  1152 | D:1      | Found a faded altar of an unknown god.
  1253 | D:1      | Learned a level 2 spell: Poisonous Vapours
  1611 | D:2      | Noticed Jessica
  1628 | D:2      | Noticed Robin
  2599 | D:2      | Reached XP level 4. HP: 24/30 MP: 1/7
  2669 | D:2      | Killed Robin
  3063 | D:3      | Reached skill level 6 in Poison Magic
  3063 | D:3      | Reached XP level 5. HP: 28/35 MP: 8/8
  3615 | D:3      | Reached skill level 7 in Poison Magic
  3735 | D:3      | Reached XP level 6. HP: 35/41 MP: 3/9
  4073 | D:4      | Reached skill level 8 in Poison Magic
  4136 | D:4      | Noticed an ogre
  4260 | D:4      | Killed an ogre
  4280 | D:4      | Found Gahal's Jewellery Boutique.
  4309 | D:4      | Found a glowing silver altar of Zin.
  4668 | D:4      | Found a hide-covered altar of Uskayaw.
  4668 | D:4      | Found a radiant altar of Vehumet.
  4672 | D:4      | Became a worshipper of Uskayaw the Reveller
  4764 | D:4      | Reached * piety under Uskayaw
  4768 | D:4      | Reached XP level 7. HP: 33/46 MP: 11/11
  4874 | D:4      | Learned a level 4 spell: Olgreb's Toxic Radiance
  4875 | D:5      | Entered Level 5 of the Dungeon
  4875 | D:5      | Noticed Grinder
  4930 | D:5      | Noticed a kobold demonologist
  4933 | D:5      | Found a transporter.
  5038 | D:5      | Found a sand-covered staircase.
  5056 | Ossuary  | Entered an ossuary
  5167 | Ossuary  | Reached ** piety under Uskayaw
  5168 | Ossuary  | Reached skill level 9 in Poison Magic
  5620 | Ossuary  | Reached skill level 10 in Poison Magic
  5620 | Ossuary  | Reached XP level 8. HP: 34/52 MP: 6/12
  5938 | Ossuary  | Reached skill level 5 in Stealth
  6089 | D:5      | Found an ornate altar of the Wu Jian Council.
  6121 | D:5      | Reached skill level 11 in Poison Magic
  6171 | D:5      | Found a transporter.
  6199 | D:5      | Learned a level 3 spell: Mephitic Cloud
  6638 | D:6      | Reached XP level 9. HP: 57/57 MP: 3/13
  6663 | D:6      | Reached skill level 1 in Conjurations
  6718 | D:6      | Reached skill level 1 in Air Magic
  6808 | D:6      | Reached skill level 12 in Poison Magic
  6944 | D:6      | Identified the +0 hat of Futecom {rC+++ Int-5 Dex-2 Slay+3}
  7084 | D:6      | Reached *** piety under Uskayaw
  7102 | D:6      | Reached **** piety under Uskayaw
  7125 | D:6      | Reached ***** piety under Uskayaw
  7637 | D:7      | Reached skill level 1 in Invocations
  8025 | D:7      | Found Xileexiu's Antique Armour Emporium.
  8075 | D:7      | Reached skill level 5 in Invocations
  8209 | D:7      | Found a staircase to the Ecumenical Temple.
  8427 | D:8      | Reached skill level 1 in Fighting
  8427 | D:8      | Reached XP level 10. HP: 57/66 MP: 5/14
  8526 | D:8      | Noticed a kobold demonologist
  8541 | D:8      | Killed a kobold demonologist
  8595 | D:8      | Reached skill level 5 in Fighting
  8904 | D:8      | Reached skill level 13 in Poison Magic
  9381 | D:8      | Reached skill level 1 in Armour
  9452 | D:7      | Noticed a two-headed ogre
  9471 | D:7      | Killed a two-headed ogre
  9734 | D:2      | Killed Jessica
  9911 | D:5      | Found Ubriox's Book Shoppe.
  9950 | D:5      | Killed Grinder
 10047 | D:5      | Killed a kobold demonologist
 10048 | D:5      | Reached XP level 11. HP: 81/81 MP: 11/15
 10189 | D:9      | Noticed Erica
 10245 | D:9      | Reached skill level 5 in Armour
 10304 | D:9      | Noticed a two-headed ogre
 10376 | D:9      | Found a white marble altar of Elyvilon.
 10416 | D:9      | Found a flagged portal.
 10429 | Bailey   | Entered a bailey
 10430 | Bailey   | - ugh this one
 10548 | Bailey   | Reached skill level 14 in Poison Magic
 10734 | Bailey   | Noticed an orc knight
 10741 | Bailey   | Killed an orc knight
 11009 | D:9      | Reached skill level 1 in Short Blades
 11130 | D:9      | Reached skill level 15 in Poison Magic
 11198 | D:9      | Killed a two-headed ogre
 11435 | D:9      | Found a staircase to the Lair.
 11725 | D:10     | Entered Level 10 of the Dungeon
 11774 | D:10     | Identified the +4 whip of Virtue {venom, +Rage rElec Dex-3}
 11809 | D:10     | Noticed a two-headed ogre
 11837 | D:10     | Killed a two-headed ogre
 11838 | D:10     | Reached skill level 5 in Short Blades
 12088 | D:10     | Identified the +5 mace "Fedwof" {speed, rPois}
 12512 | D:10     | Found a basalt altar of Yredelemnul.
 12610 | D:11     | Noticed a two-headed ogre
 12661 | D:11     | Noticed Fannar
 12840 | D:7      | Bought a glowing kite shield for 225 gold pieces
 12973 | Lair:1   | Entered Level 1 of the Lair of Beasts
 13012 | Lair:1   | Reached skill level 1 in Shields
 13108 | Lair:1   | Identified the +2 leather armour of Dyspraxia {+Blink
                  | rElec}
 13615 | Lair:1   | Found a blossoming altar of Fedhas.
 13628 | Lair:1   | Noticed an oklob plant
 13725 | Lair:1   | Reached skill level 1 in Evocations
 13725 | Lair:1   | Reached XP level 12. HP: 86/88 MP: 16/16
 14238 | Lair:2   | Reached skill level 5 in Shields
 14881 | Lair:2   | Noticed a six-headed hydra
 14884 | Lair:2   | Identified 5 scrolls of acquirement
 14884 | Lair:2   | Acquired 793 gold pieces
 14889 | Lair:2   | Noticed a four-headed hydra
 14897 | Lair:2   | Killed a six-headed hydra
 15055 | Lair:2   | Killed a four-headed hydra
 15056 | Lair:2   | Reached skill level 5 in Evocations
 15085 | Lair:2   | Found a staircase to the Swamp.
 15287 | D:9      | Acquired a staff of poison
 15394 | Lair:3   | Acquired a +4 quick blade
 15395 | Lair:3   | Acquired Qoenogiv's Grimoire of Poisonous Transmigration
 15396 | Lair:3   | Acquired a +2 lajatang of distortion
 15404 | Lair:3   | Learned a level 3 spell: Ignite Poison
 15729 | Lair:3   | You fall into a shaft and drop 2 floors!
 15744 | Lair:5   | Reached skill level 1 in Staves
 15808 | Lair:4   | Found a hole to the Spider Nest.
 15885 | Lair:4   | Found a dark tunnel.
 15906 | Volcano  | Entered a volcano
 15974 | Volcano  | Reached XP level 13. HP: 78/93 MP: 14/17
 16093 | Volcano  | Found a radiant altar of Vehumet.
 16101 | Volcano  | Reached skill level 5 in Staves
 17039 | Lair:4   | Noticed a seven-headed hydra
 17086 | Lair:4   | Noticed a seven-headed hydra
 17499 | Lair:4   | Killed a seven-headed hydra
 17518 | Lair:4   | Killed a seven-headed hydra
 18540 | Lair:6   | Entered Level 6 of the Lair of Beasts
 18786 | Lair:6   | Reached XP level 14. HP: 108/108 MP: 13/19
 19087 | Lair:6   | Reached ****** piety under Uskayaw
 19682 | Lair:6   | Identified the +4 arbalest "Manit" {elec, *Corrode rPois
                  | MP-9 Int+8}
 19766 | Lair:6   | Found a viscous altar of Jiyva.
 19766 | Lair:6   | Found a staircase to the Slime Pits.
 20177 | Lair:2   | Identified the +4 trident "Warixaily" {chaos, rPois Str+6}
 20572 | D:11     | Reached skill level 5 in Transmutations
 20600 | D:11     | Reached skill level 5 in Spellcasting
 21023 | D:11     | Found a snail-covered altar of Cheibriados.
 21101 | D:11     | Killed Fannar
 21337 | D:11     | Found a portal to a secret trove of treasure.
 21471 | D:12     | Found a staircase to the Orcish Mines.
 21638 | D:12     | Identified the +7 war axe "Yrusad" {drain, Contam rElec
                  | rC++ SInv}
 21705 | D:12     | Reached XP level 15. HP: 68/113 MP: 15/24
 22266 | Orc:1    | Entered Level 1 of the Orcish Mines
 22333 | Orc:1    | Found Paem's Magic Scroll Shoppe.
 22345 | Orc:1    | Bought a scroll of identify for 32 gold pieces
 22345 | Orc:1    | Bought a scroll of identify for 32 gold pieces
 22345 | Orc:1    | Bought a scroll of fog for 32 gold pieces
 22489 | Orc:2    | Entered Level 2 of the Orcish Mines
 22599 | Orc:2    | Found a staircase to the Elven Halls.
 22821 | Orc:2    | Reached skill level 5 in Conjurations
 22961 | Orc:1    | Found a runed translucent door.
 23254 | Orc:2    | Reached skill level 5 in Air Magic
 23860 | Orc:2    | Found Pifiel Jaanu's Armour Emporium.
 23860 | Orc:2    | Found Fuhoed Zoci's Armour Boutique.
 23862 | Orc:2    | Found Maejuorgh's Book Emporium.
 23862 | Orc:2    | Found Ozyuf's Assorted Antiques.
 23872 | Orc:2    | Bought a scroll labelled YNUXEU PUCUTZA for 26 gold pieces
 23872 | Orc:2    | Bought a scroll labelled XUAX SAYNGOPS for 26 gold pieces
 24039 | D:7      | Bought a twisted leather armour for 210 gold pieces
 24039 | D:7      | Identified the +2 leather armour of Ratrueh {rElec Str-2
                  | Int+6} (You bought it in a shop on level 7 of the Dungeon)
 24353 | Spider:1 | Entered Level 1 of the Spider Nest
 24374 | Spider:1 | Noticed an emperor scorpion
 24395 | Spider:1 | Reached skill level 10 in Invocations
 24413 | Spider:1 | Reached skill level 10 in Fighting
 24430 | Spider:1 | Killed an emperor scorpion
 25113 | Spider:2 | Noticed an emperor scorpion
 25137 | Spider:2 | Killed an emperor scorpion
 25138 | Spider:2 | Reached XP level 16. HP: 70/124 MP: 22/25
 26284 | Spider:3 | HP: 4/127 [jumping spider (9)]
 26284 | Spider:3 | Slain by a wolf spider

Illustrated notes

### ##∩## {
#.@.# { #...# {
....... {
o≈.......≈o
≈o≈≈.......≈≈o≈
≈≈≈..#...#..≈≈≈
.o..##...##..o.
#### ##∩## ####


Turn 10430 on Bailey: - ugh this one

Levels and vault maps discovered:
D:1:      dpeg_arrival_morbid_curiosity, layout_loops_ring,
          shapermc_ecumenical_altar_mp_vishouse
D:2:      layout_basic, uniq_jessica, uniq_robin
D:3:      layout_rooms
D:4:      layout_gridville, gammafunk_temple_overflow_wave, kennysheep_mini,
          serial_shops, shop_coins
D:5:      gammafunk_wand_slinger, layout_rooms, mainiacjoe_overflow_alcove_4,
          serial_shops, kennysheep_mini_moat, nicolae_ossuary_entry_ruins,
          uniq_grinder
D:6:      lemuel_ratsnest, layout_gridville, chequers_serial_rivers_large_a
D:7:      layout_rooms, temple_statues, serial_shops, shop
D:8:      layout_cave_pools, special_room [special_room_kobold]
D:9:      layout_irregular_city, elyvilon_altar_1, due_lair_maze_entry_diamond,
          enter_bailey_4, minivault_21, uniq_erica
D:10:     layout_basic, amcnicky_altar_gilded
D:11:     layout_small_grid, enter_trove_6, cheibriados_altar_1, uniq_fannar
D:12:     layout_cave_pods, orc_0_dummy
Lair:1:   layout_loops_ring, tgw_fedhas, infiniplex_staircase_pool
Lair:2:   layout_cave_pods, palyth_hydra_swamp_entry, fungi_pond_lemuel,
          serial_bayou_shore_b, minmay_lair_oklob_chamber, serial_bayou_shore_b
Lair:3:   layout_cave_shapes, serial_bayou_lagoon_b
Lair:4:   layout_loops_ring, nicolae_spider_entry_non_spiders,
          nicolae_volcano_entry_two_sided
Lair:5:   layout_regular_city
Lair:6:   evilmike_catoblepas_cave, layout_concentric_octagons,
          dpeg_slime_entry_enclosed_altar, st_stairs_7
Spider:1: layout_spider_delve
Spider:2: layout_chambers
Spider:3: cheibrodos_spider_deadly_dance, gammafunk_ghost_necromancy,
          nicolae_spider_shape
Orc:1:    layout_diamond_mine, serial_shops, nicolae_shop_stone,
          lightli_church_of_beogh
Orc:2:    grunt_orc_tribal_feast, layout_diamond_mine, nooodl_orcs_dogs

Skill      XL: |  1  2  3  4  5  6  7  8  9 10 11 12 13 14 15 16 |
---------------+-------------------------------------------------+-----
Poison Magic   | 5 6 7 8 10 11 12 13 15 | 15.0
Transmutations | 2 3 6 |  6.0
Spellcasting   | 3 6 |  6.0
Stealth        | 4 6 |  6.0
Conjurations   | 3 6 |  6.0
Air Magic      | 3 6 |  6.0
Invocations    | 6 9 11 12 | 12.0
Fighting       | 1 6 9 10 12 | 12.0
Armour         | 4 6 |  6.0
Short Blades   | 6 |  6.0
Shields        | 3 9 |  9.0
Evocations     | 1 6 9 |  9.0
Staves         | 3 9 |  9.0
Dodging        | |  1.8

Action                   |  1- 3 |  4- 6 |  7- 9 | 10-12 | 13-15 | 16-18 || total
-------------------------+-------+-------+-------+-------+-------+-------++-------
Melee: Short sword       |     7 |    45 |   295 |   304 |       |       ||   651
       Dagger            |       |       |       |    37 |       |       ||    37
       Staff             |       |       |       |    32 |   446 |    86 ||   564
       Quick blade       |       |       |       |     2 |    10 |     3 ||    15
Throw: Dart              |       |    34 |    42 |    73 |    27 |    11 ||   187
       Stone             |       |     5 |    28 |       |       |       ||    33
 Cast: Sting             |    56 |    71 |   106 |    90 |    31 |     4 ||   358
       Poisonous Vapours |       |     3 |    15 |    22 |     9 |     1 ||    50
       Mephitic Cloud    |       |       |     6 |    13 |    40 |     2 ||    61
       Olgreb's Toxic Ra |       |       |     5 |    47 |    61 |    11 ||   124
       Ignite Poison     |       |       |       |       |    43 |     4 ||    47
Invok: Stomp             |       |       |     4 |    11 |     2 |       ||    17
       Line Pass         |       |       |       |     2 |     4 |       ||     6
 Abil: Dig               |       |     3 |     8 |    18 |    27 |       ||    56
Evoke: Wand              |       |       |     1 |    21 |    15 |       ||    37
  Use: Scroll            |       |     2 |     2 |    12 |     5 |     1 ||    22
       Potion            |       |       |     1 |     3 |     3 |     2 ||     9
 Stab: Sleeping          |       |     2 |     2 |     3 |     4 |     1 ||    12
       Paralysed         |       |       |     6 |    17 |    39 |    15 ||    77
       Confused          |       |       |     1 |     2 |     8 |       ||    11
       Petrified         |       |       |       |       |     2 |       ||     2
       Distracted        |       |       |       |       |     1 |     1 ||     2
Armor: Robe              |    12 |    22 |    92 |    10 |       |       ||   136
       Steam dragon scal |       |       |       |   104 |    93 |       ||   197
       Ring mail         |       |       |       |       |    57 |    81 ||   138
Dodge: Dodged            |    27 |    47 |   198 |   237 |   176 |    56 ||   741
Block: Kite shield       |       |       |       |    32 |   272 |    66 ||   370
